cohdb
Replays
Latest Replays
All Replays
Popular Replays
Top Player Replays
Match Explorer
How It Works
Community
CoH3 Stats
Reddit
Sign in to upload your games and track your stats! →
Sign in with Steam
Match 43236408
Unlisted
Match 43236408
Overview
Messages
Build Orders
End
Construct Barracks
Selects Heavy Weapons
Riflemen Squad
Riflemen Squad
M1 Mortar Team
Infantry Support Center
Construct Weapon Support Center
M3 Armored Personnel Carrier
Selects Assault Carriers
Engineer Squad
M3 Assault Carrier
Selects Exchangeable Parts
Riflemen Squad
Advanced Logistics
M1918 Browning Automatic Rifles
Riflemen Squad
Selects M2HB .50cal Heavy Machine Gun
M1919 Machine Gun Team
Grenade Package
woof_raff
苏ꦿ一ꦿ涵ꦿ⚘
Meat Weapon
ㄧㄠˋㄍㄠ ㄔㄠˊㄌㄜ˙
0
0
Comments
sign in to comment!
No comments posted yet!